Map: Lightshade LE

Players

Reynor

  • Race: Zerg Zerg

MarineLorD - Winner!

  • Race: Terran Terran
  • League: Master

Event: DreamHack SC2 Masters 2021 Summer

VOD

Have the link to the VOD?

Description

Time

  • Played on: May 27, 2021, 1:07 p.m.
  • Length: 26:17

All games in this series

Show
View Real Time Build Order
Export as new Build Order

Reynor Zerg 

Build Orders: Hatch First 

Get SALT Encoding   

  12  0:00  Drone  
  13  0:12  Overlord  
  13  0:17  Drone  
  14  0:30  Drone x2  
  16  0:48  Hatchery  
  15  0:51  Drone  
  15  0:55  Drone  
  17  0:59  Drone  
  18  1:13  Spawning Pool  
  18  1:15  Drone  
  18  1:18  Extractor  
  17  1:20  Drone  
  18  1:28  Drone  
  19  1:38  Drone  
  20  1:49  Overlord  
  20  2:01  Queen x2  
  20  2:05  Roach Warren  
  23  2:11  Spine Crawler  
  23  2:14  Drone  
  23  2:17  Drone  
  23  2:21  Drone  
  25  2:24  Drone  
  27  2:30  Drone  
  27  2:33  Extractor, Zergling x2  
  27  2:40  Overlord  
  27  2:45  Roach  
  27  2:48  Roach  
  31  2:53  Roach  
  31  2:58  Roach  
  35  3:06  Ravager  
  35  3:07  Overlord  
  35  3:09  Ravager  
  37  3:22  Overlord  
  37  3:25  Ravager  
  38  3:33  Overlord  
  38  3:37  Ravager, Spore Crawler  
  39  3:45  Drone x2  
  41  4:02  Hatchery, Drone  
  41  4:03  Drone x2  
  41  4:05  Drone  
  41  4:08  Drone  
  44  4:18  Metabolic Boost  
  44  4:21  Drone  
  45  4:27  Pneumatized Carapace  
  45  4:30  Overlord  
  45  4:39  Overlord  
  45  4:47  Drone  
  45  4:49  Drone  
  48  4:52  Drone  
  48  4:57  Drone x2  
  48  4:58  Drone  
  48  5:07  Drone  
  48  5:10  Queen  
  51  5:15  Overlord  
  51  5:17  Drone  
  52  5:29  Drone  
  52  5:33  Drone, Hatchery  
  52  5:34  Drone, Evolution Chamber  
  53  5:44  Zergling x6  
  53  5:45  Queen  
  53  5:47  Drone  
  53  5:48  Drone  
  60  5:50  Drone  
  61  5:59  Drone x3  
  61  6:00  Zerg Ground Armor Level 1  
  64  6:04  Drone x3  
  64  6:06  Drone  
  64  6:10  Overlord  
  68  6:14  Lair  
  68  6:17  Spore Crawler  
  67  6:21  Spore Crawler  
  67  6:24  Spore Crawler  
  65  6:27  Overlord  
  65  6:32  Drone x3  
  68  6:34  Overlord  
  68  6:42  Drone x3  
  68  6:44  Drone  
  65  6:47  Queen  
  65  6:52  Drone x2, Evolution Chamber  
  65  6:53  Drone  
  69  6:56  Drone x2  
  69  6:58  Drone x3  
  74  7:01  Drone  
  74  7:03  Queen  
  77  7:09  Drone x2  
  77  7:13  Extractor, Overseer  
  77  7:14  Extractor, Overseer  
  75  7:23  Queen  
  75  7:27  Drone x2  
  75  7:28  Drone  
  75  7:33  Zerg Melee Weapons Level 1, Baneling Nest  
  74  7:38  Drone x3  
  74  7:39  Zergling x10  
  74  7:43  Zergling x4  
  84  7:45  Zergling x2  
  84  7:49  Zergling x4  
  87  7:56  Overlord  
  87  7:57  Zerg Ground Armor Level 2, Zergling x2  
  88  8:02  Zergling x2  
  88  8:04  Hatchery  
  87  8:08  Zergling x4  
  87  8:10  Overlord  
  89  8:13  Zergling x2  
  89  8:15  Overlord  
  89  8:17  Zergling x4  
  89  8:18  Hatchery, Centrifical Hooks  
  91  8:22  Zergling x4  
  91  8:26  Baneling x4  
  91  8:27  Baneling x2  
  92  8:28  Overlord  
  92  8:29  Zergling x4  
  92  8:30  Zergling x2  
  92  8:32  Zergling x8  
  99  8:34  Zergling x2  
  99  8:40  Zergling x8  
  101  8:43  Zergling x2  
  101  8:47  Zergling x2  
  95  8:53  Zergling x2  
  95  8:55  Zergling x2  
  97  9:00  Zergling x8  
  95  9:04  Hatchery  
  95  9:05  Zergling x8  
  95  9:08  Zergling x6  
  101  9:10  Zergling x2  
  101  9:16  Roach  
  101  9:17  Roach x2  
  108  9:19  Baneling  
  108  9:20  Baneling x5  
  108  9:23  Roach x2  
  112  9:26  Overlord  
  111  9:32  Zergling x4, Roach x2  
  111  9:33  Zergling x2  
  111  9:37  Overlord  
  118  9:40  Ravager x3  
  121  9:48  Zergling x2  
  121  9:49  Zergling x12  
  125  9:57  Zergling x8  
  125  9:59  Zergling x6  
  118  10:14  Drone x4  
  118  10:15  Zerg Melee Weapons Level 2  
  118  10:17  Zergling x8  
  118  10:20  Zergling x6  
  129  10:25  Ravager x4  
  129  10:28  Baneling x8  
  132  10:29  Zergling x4  
  132  10:35  Zergling x8  
  137  10:42  Zergling x12  
  143  10:43  Hatchery  
  143  10:46  Zergling x6  
  141  11:03  Zergling x16  
  144  11:04  Overlord  
  143  11:14  Zergling x20  
  146  11:21  Overlord  
  146  11:24  Drone x3  
  147  11:27  Roach  
  147  11:30  Baneling x5  
  147  11:31  Baneling x7, Zergling x6  
  152  11:32  Zergling x2  
  152  11:36  Roach  
  152  11:38  Drone  
  155  11:43  Zergling x12  
  161  11:48  Extractor  
  161  11:49  Drone  
  161  11:50  Extractor  
  161  11:52  Zergling x4  
  159  11:55  Overlord  
  159  11:57  Zergling x6  
  159  11:58  Zergling x6  
  159  12:00  Overlord  
  165  12:05  Zergling x6  
  153  12:09  Zergling x6  
  153  12:15  Baneling x7  
  156  12:16  Zergling x4  
  156  12:18  Drone  
  156  12:20  Drone x5  
  164  12:24  Zergling x2  
  164  12:25  Zergling x10  
  164  12:28  Drone  
  164  12:29  Infestation Pit  
  172  12:30  Zergling x6  
  172  12:31  Zergling x2  
  168  12:39  Lair  
  168  12:41  Zergling x10  
  162  12:45  Drone x2  
  162  12:46  Drone  
  159  12:58  Baneling x5  
  159  12:59  Baneling  
  159  13:04  Zergling x20  
  163  13:09  Hatchery  
  162  13:18  Overlord  
  162  13:20  Drone x3  
  162  13:21  Zergling x6  
  162  13:25  Zergling x8  
  171  13:28  Hatchery  
  171  13:32  Zergling x2  
  164  13:35  Zergling x6  
  165  13:43  Hive  
  165  13:45  Zergling x4, Roach  
  165  13:47  Zergling x2  
  166  13:53  Zergling x2  
  166  13:54  Zergling x6  
  168  14:04  Zergling x8  
  168  14:05  Zergling x6  
  168  14:06  Zergling x2  
  168  14:09  Baneling x7  
  175  14:14  Zergling x4  
  175  14:15  Queen  
  172  14:26  Zergling x12  
  172  14:28  Overlord  
  177  14:45  Zergling x18  
  184  14:49  Overlord  
  174  14:58  Zerg Ground Armor Level 3  
  174  14:59  Ultralisk Cavern  
  171  15:00  Drone  
  171  15:01  Drone x10  
  171  15:05  Drone x3, Queen  
  186  15:11  Zergling x4  
  186  15:12  Zergling x10  
  186  15:14  Viper  
  193  15:18  Zergling x2  
  190  15:27  Baneling x11  
  178  15:31  Drone x6  
  178  15:32  Spawning Pool  
  183  15:40  Drone x4  
  187  15:49  Chitinous Plating  
  177  15:52  Drone x6  
  182  16:00  Extractor  
  180  16:04  Extractor  
  180  16:05  Ultralisk  
  180  16:06  Drone x5  
  180  16:07  Drone, Hatchery  
  186  16:21  Ultralisk  
  192  16:28  Zergling x4  
  192  16:29  Zergling x20  
  170  16:51  Zergling x2, Ultralisk  
  170  16:52  Zergling x22  
  177  16:55  Hatchery  
  175  17:07  Zergling x14  
  182  17:09  Hatchery  
  180  17:17  Zergling x4, Ultralisk  
  180  17:21  Zergling x2  
  187  17:26  Zergling x2  
  187  17:27  Zergling x4  
  166  17:41  Zergling x4  
  166  17:42  Zergling x10  
  159  17:49  Zergling x6, Ultralisk  
  167  17:56  Queen  
  167  17:58  Zergling x6  
  170  18:03  Zergling x4  
  168  18:06  Zergling x4  
  168  18:08  Queen  
  168  18:09  Baneling  
  168  18:10  Baneling x7  
  168  18:11  Zergling x8  
  176  18:17  Baneling x7  
  176  18:19  Zergling x2  
  179  18:20  Zergling x4  
  179  18:25  Zergling x2  
  174  18:36  Zergling x12  
  177  18:45  Zergling x6, Ultralisk  
  181  18:49  Zergling x2  
  181  18:55  Zergling x6  
  179  18:58  Zergling x2  
  162  19:04  Hatchery, Zergling x2  
  162  19:05  Zergling x4  
  132  19:12  Hatchery  
  132  19:14  Zergling x4, Ultralisk  
  132  19:17  Zergling x6  
  139  19:22  Zergling x6  
  144  19:28  Zergling x2, Roach x2  
  149  19:36  Zergling x2  
  149  19:37  Zergling x6  
  153  19:47  Zergling x8  
  157  19:58  Hatchery  
  156  20:03  Ravager x2  
  156  20:04  Zergling x12  
  165  20:08  Baneling x7  
  165  20:10  Zergling x8  
  169  20:16  Zergling x6  
  169  20:20  Zergling x2  
  171  20:28  Zergling x6  
  171  20:32  Zergling x2  
  175  20:37  Zergling x8  
  175  20:41  Zergling x6  
  182  20:48  Overlord  
  181  20:51  Zergling x10  
  182  21:06  Zergling x4  
  182  21:07  Zergling x10  
  172  21:14  Hatchery  
  172  21:18  Zergling x8  
  166  21:23  Roach  
  166  21:29  Overlord  
  166  21:32  Overlord  
  165  21:46  Overlord  
  148  21:48  Overlord  
  148  21:52  Overlord  
  146  22:02  Overlord  
  146  22:03  Baneling x9  
  146  22:07  Zergling x2, Ultralisk x2  
  155  22:15  Zergling x2  
  155  22:16  Zergling x8  
  160  22:30  Zergling x20  
  163  22:45  Zergling x8, Ultralisk  
  163  22:49  Zergling x2  
  163  22:50  Zergling x4  
  156  22:53  Zergling x2  
  156  22:57  Zergling x4  
  152  23:02  Zergling x2  
  147  23:06  Zergling x2  
  147  23:11  Baneling x11  
  147  23:12  Baneling  
  137  23:13  Roach x2  
  137  23:16  Roach  
  143  23:20  Roach  
  143  23:22  Zergling x2  
  144  23:31  Zergling x10  
  144  23:32  Zergling x2  
  144  23:54  Zergling x16  
  152  24:07  Hatchery  
  152  24:08  Zergling x2  
  152  24:09  Zergling x6  
  147  24:10  Queen  
  139  24:24  Ravager x2  
  126  24:32  Zergling x6  
  109  24:42  Roach  
  109  24:45  Zergling x4  
  108  24:54  Ravager x2  
  110  25:03  Zergling x2  
  110  25:04  Zergling x2  
  110  25:13  Zergling x4  
  73  25:15  Zergling x2  
Show
View Real Time Build Order
Export as new Build Order

MarineLorD Terran - Winner!

Build Orders:  

Get SALT Encoding   

  12  0:00  SCV  
  13  0:12  SCV  
  14  0:17  Supply Depot  
  14  0:24  SCV  
  15  0:39  Barracks  
  15  0:49  Barracks  
  15  0:52  SCV  
  16  1:04  SCV  
  17  1:16  SCV  
  18  1:26  Marine  
  18  1:28  Orbital Command  
  19  1:34  Supply Depot  
  19  1:35  Marine  
  20  1:43  Marine  
  21  1:53  Marine  
  21  1:54  Bunker  
  22  1:55  Bunker  
  22  1:57  Bunker  
  22  2:01  Marine  
  22  2:07  Refinery  
  22  2:08  SCV  
  24  2:11  Marine  
  25  2:19  Marine  
  25  2:20  SCV  
  27  2:23  Supply Depot  
  27  2:29  Marine  
  28  2:33  SCV  
  29  2:37  Marine  
  30  2:46  SCV, Marine  
  31  2:53  Refinery  
  31  2:56  Marine  
  31  2:58  SCV  
  33  3:08  Factory  
  33  3:10  SCV  
  34  3:24  SCV  
  35  3:33  Command Center  
  35  3:36  SCV  
  36  3:49  SCV  
  37  3:57  Factory Tech Lab  
  37  4:00  Starport  
  37  4:01  SCV  
  37  4:09  Command Center  
  36  4:14  Bunker  
  36  4:16  Cyclone  
  39  4:19  SCV  
  35  4:32  SCV  
  36  4:44  SCV  
  37  4:46  Orbital Command  
  37  4:56  SCV  
  38  5:00  Barracks Tech Lab  
  38  5:07  Banshee, Cloaking Field, Factory Reactor  
  38  5:10  SCV  
  38  5:13  SCV  
  43  5:18  Orbital Command  
  43  5:22  SCV  
  43  5:25  Orbital Command  
  43  5:28  Marine  
  44  5:30  Stimpack  
  44  5:34  SCV  
  46  5:46  Marine  
  46  5:48  SCV  
  48  5:50  Barracks, Factory Reactor  
  48  5:52  SCV x2, Barracks  
  50  6:01  Banshee  
  50  6:02  SCV  
  50  6:04  SCV, Marine  
  55  6:09  Supply Depot x2  
  56  6:14  SCV  
  56  6:15  SCV  
  56  6:16  SCV  
  59  6:21  Marine  
  59  6:24  Refinery  
  59  6:25  Refinery  
  60  6:27  SCV x2  
  60  6:28  SCV  
  63  6:39  SCV x2, Marine  
  65  6:40  SCV  
  65  6:43  Marine x2  
  66  6:50  Engineering Bay  
  66  6:51  SCV  
  66  6:52  SCV  
  66  6:53  Orbital Command, Starport Reactor, Marine x2  
  71  6:54  Engineering Bay, Siege Tank  
  71  6:57  Marine  
  74  7:01  Marine  
  74  7:03  SCV  
  74  7:04  SCV  
  74  7:06  Marine, Supply Depot  
  74  7:07  Supply Depot  
  78  7:09  Combat Shield  
  78  7:11  Marine x2  
  78  7:15  Marine, Supply Depot  
  81  7:18  SCV  
  81  7:19  Marine  
  81  7:22  SCV  
  84  7:24  Marine  
  84  7:29  SCV, Marine x2  
  88  7:30  SCV  
  88  7:33  Terran Infantry Armor Level 1, Marine, Terran Infantry Weapons Level 1  
  88  7:34  SCV  
  91  7:37  Marine  
  91  7:41  SCV  
  91  7:42  Marine  
  91  7:43  SCV  
  95  7:44  Medivac x2  
  95  7:47  Marine x2  
  95  7:49  SCV  
  95  7:50  Supply Depot  
  95  7:51  Marine  
  103  7:53  SCV, Supply Depot  
  103  7:54  Supply Depot  
  103  7:55  Marine  
  103  7:58  SCV  
  106  8:00  Marine  
  106  8:01  SCV  
  106  8:05  Marine  
  109  8:09  Barracks  
  109  8:10  Barracks  
  109  8:11  SCV x2, Marine x2  
  113  8:12  Marine  
  113  8:16  Medivac x2  
  113  8:18  Marine, Siege Tank  
  122  8:20  Refinery, Supply Depot  
  122  8:22  Marine  
  123  8:29  Armory, Marine x2  
  123  8:30  Marine  
  126  8:35  Marine  
  126  8:40  Marine  
  128  8:47  Marine x2  
  128  8:48  Marine  
  122  8:50  Siege Tank  
  122  8:53  Marine  
  125  8:56  Marine  
  125  8:57  Marine  
  125  8:58  Marine  
  119  9:04  Marine x2  
  119  9:06  Marine  
  122  9:11  Marine  
  122  9:13  Command Center  
  122  9:16  Marine  
  122  9:17  SCV x2  
  132  9:21  Supply Depot x2  
  132  9:22  Barracks Reactor x2, Marine x2, Siege Tank  
  132  9:23  Terran Vehicle Weapons Level 1  
  132  9:24  Marine  
  135  9:29  Marine  
  137  9:33  Medivac x2  
  137  9:34  Marine  
  137  9:38  Terran Infantry Armor Level 2, Terran Infantry Weapons Level 2  
  138  9:40  Marine x2  
  138  9:41  Factory  
  138  9:42  Marine  
  141  9:47  Marine  
  141  9:49  Supply Depot  
  141  9:50  Supply Depot  
  141  9:52  Marine  
  143  9:58  Marine x2  
  143  9:59  Marine  
  126  10:04  Marine  
  126  10:05  Barracks  
  125  10:07  Barracks  
  125  10:08  Barracks, Marine  
  125  10:09  Marine x2  
  125  10:12  Marine x2  
  127  10:16  SCV, Marine x2  
  127  10:17  SCV  
  127  10:19  Marine  
  132  10:22  Marine  
  132  10:25  SCV  
  132  10:26  Marine x2  
  132  10:28  SCV  
  134  10:29  Factory Tech Lab  
  134  10:30  Marine x2  
  134  10:31  Marine  
  134  10:34  Marine x2  
  139  10:37  Marine  
  139  10:40  Marine  
  139  10:44  Marine x2  
  139  10:48  Marine x2  
  139  10:49  Marine  
  134  10:51  Marine x2  
  134  10:54  Marine  
  134  10:55  SCV x3  
  123  10:57  Marine x2  
  123  10:58  Marine  
  123  11:02  Marine x2  
  124  11:04  Planetary Fortress  
  124  11:06  Marine  
  124  11:07  SCV x2, Marine  
  124  11:15  SCV  
  124  11:18  Marine  
  121  11:21  SCV  
  121  11:23  SCV  
  127  11:35  Medivac  
  127  11:37  Medivac  
  131  11:41  SCV x2  
  133  11:50  SCV  
  133  11:51  SCV  
  133  11:52  Siege Tank  
  135  11:55  Marine x5  
  135  11:57  Orbital Command  
  135  12:01  Marine  
  139  12:04  Marine x4  
  139  12:05  Marine  
  139  12:07  Marine  
  128  12:12  Marine  
  128  12:13  Marine x2  
  131  12:19  Marine  
  131  12:20  SCV x2  
  134  12:25  Marauder  
  134  12:27  Barracks Tech Lab  
  134  12:29  Marine  
  137  12:32  SCV  
  137  12:33  SCV  
  137  12:35  SCV  
  140  12:38  SCV  
  136  12:51  Marine x2  
  136  12:52  Marine x3  
  136  12:53  Marine  
  136  12:57  SCV  
  136  12:58  SCV  
  144  13:01  SCV  
  145  13:09  Terran Infantry Weapons Level 3  
  145  13:11  Siege Tank  
  146  13:21  Command Center  
  146  13:24  Siege Tank  
  149  13:29  Sensor Tower  
  148  13:37  Barracks Tech Lab, Marauder x2  
  148  13:38  Barracks Tech Lab, Marine x3  
  155  13:47  Liberator x2  
  157  13:52  Terran Infantry Armor Level 3  
  157  13:55  Terran Vehicle And Ship Armor Level 1  
  157  13:58  Marauder  
  157  14:00  Marine x2  
  157  14:01  Marauder  
  163  14:05  Marine  
  164  14:10  Supply Depot x3  
  164  14:11  Supply Depot  
  164  14:13  Marine  
  164  14:15  Marauder, Marine x4  
  164  14:16  Marine  
  172  14:18  Marine  
  172  14:25  Marine  
  172  14:31  Marine, Siege Tank x2  
  172  14:32  Marauder, Liberator x2  
  172  14:35  Marauder  
  172  14:36  Marine x2  
  172  14:37  Marauder  
  193  14:40  Marine, Ghost Academy  
  193  14:41  Marine  
  193  14:42  Marine  
  194  14:50  Marauder, Marine  
  195  14:53  Marauder  
  195  14:56  Concussive Shells  
  196  15:03  Siege Tank  
  196  15:04  Command Center  
  196  15:06  Command Center  
  198  15:11  Marauder  
  196  15:23  Marauder, Marine x2  
  197  15:38  Medivac  
  199  15:42  Planetary Fortress  
  199  15:44  SCV  
  199  15:45  Personal Cloaking  
  189  15:53  Marauder x4  
  196  16:01  Medivac  
  197  16:04  Neosteel Armor  
  197  16:08  Medivac  
  199  16:15  Marine  
  199  16:23  Marine x3  
  200  16:27  Ghost  
  197  16:33  Command Center x2  
  197  16:36  Barracks  
  197  16:37  Barracks, Marine  
  197  16:38  Marauder  
  190  16:45  Siege Tank x2  
  190  16:47  Liberator x2  
  186  16:49  Marine x4  
  186  16:50  Marauder, Marine x3  
  186  16:52  Marine  
  193  16:55  Marine  
  194  17:05  Refinery  
  194  17:06  Orbital Command x2  
  194  17:07  Marine x4  
  194  17:08  Marine x2  
  197  17:17  Siege Tank  
  197  17:18  Refinery  
  197  17:19  Refinery  
  197  17:20  Factory  
  197  17:21  Factory  
  195  17:29  Siege Tank  
  191  17:34  Marine x2  
  191  17:35  Marauder, Marine  
  191  17:36  Marine x2  
  186  17:49  Ghost x3, Siege Tank  
  186  17:54  Liberator x2  
  192  18:03  Marine x2  
  192  18:05  Command Center  
  192  18:21  Marine x2  
  192  18:22  Marauder  
  192  18:24  Ghost x2  
  197  18:34  Hi-Sec Auto Tracking, Enhanced Shockwaves  
  197  18:37  Liberator  
  197  18:48  Marauder x2, Marine x4  
  186  18:54  Marauder  
  192  18:56  Orbital Command, Marine  
  192  18:57  Marauder  
  192  19:00  Siege Tank  
  196  19:05  Marine x2  
  196  19:07  Marine x2  
  196  19:09  Marauder x2  
  161  19:14  Ghost  
  158  19:29  Orbital Command  
  158  19:39  Marauder, Marine x2  
  162  19:48  Siege Tank x2  
  168  20:05  Marine x2  
  168  20:06  Marauder, Marine  
  173  20:12  SCV x2  
  173  20:13  SCV x4  
  179  20:20  Siege Tank  
  181  20:23  Factory Tech Lab x2  
  181  20:24  SCV, Ghost x2  
  181  20:25  SCV  
  184  20:39  Siege Tank  
  187  20:52  Siege Tank  
  187  20:56  Marine x3  
  187  20:57  Marauder  
  195  20:58  Marine x2  
  195  20:59  Marauder, Marine x2  
  195  21:01  Marine  
  193  21:06  Marauder, Marine  
  184  21:16  Marine  
  184  21:18  Marauder  
  187  21:27  Marine x2, Siege Tank  
  187  21:28  Marauder  
  187  21:31  Refinery  
  187  21:32  Refinery  
  194  21:34  Refinery, Command Center  
  194  21:35  Sensor Tower  
  187  21:54  SCV x4  
  187  21:59  Marine x4  
  187  22:00  Marauder  
  193  22:15  Marine x2  
  193  22:16  Planetary Fortress  
  193  22:17  SCV x2  
  200  22:29  Refinery  
  197  22:31  Refinery, Command Center  
  192  22:47  Marauder, Marine x4  
  192  22:49  Marauder, Marine x2  
  196  23:02  Marine x2  
  196  23:03  Marauder  
  197  23:07  Marine  
  197  23:08  Marauder  
  197  23:09  Marine x2  
  196  23:13  Marine x2  
  196  23:14  Marauder  
  198  23:28  SCV x3  
  198  23:34  Bunker  
  198  23:44  Medivac  
  200  24:05  Marauder, Marine  
  200  24:06  Marauder  
  200  24:07  Marine  
  198  24:10  Marine  
  198  24:11  Marauder, Marine x2  
  198  24:14  Marine x2  
  199  24:26  Orbital Command  
  199  24:30  Marine  
  197  24:38  Marine x2  
  197  24:39  Marauder  
  197  24:41  Marauder, Marine x3  
  199  24:57  Refinery  
  159  25:14  Refinery  
Tags
 
Add a new tag
Caveats
  • Supply blocks, unpowered buildings, or Contaminate may cause inaccurate times.
  • Supply counts are checked every 10 seconds.